 Dungeon Crawl Stone Soup version 0.25-a0-166-g16436c4407 (webtiles) character file.

Game seed: 1321041271394129195, levelgen mode: deterministic

21371 Jannitor the Fighter (level 12, -5/100 HPs)
             Began as a Demonspawn Conjurer on Nov 24, 2019.
             Was a High Priest of Vehumet.
             Slain by a six-headed hydra (12 damage)
             ... on level 1 of the Lair of Beasts.
             The game lasted 00:52:36 (19234 turns).

Jannitor the Fighter (Demonspawn Conjurer)         Turns: 19234, Time: 00:52:36

Health: -5/100     AC: 10    Str:  8    XL:     12   Next: 53%
Magic:  18/33      EV: 18    Int: 23    God:    Vehumet [*****.]
Gold:   842        SH:  0    Dex: 19    Spells: 7/27 levels left

rFire    . . .     SeeInvis .   C - +2 dagger (venom)
rCold    . . .     Gourm    .   (no shield)
rNeg     . . .     Faith    .   F - +3 leather armour {rPois}
rPois    +         Spirit   .   (helmet restricted)
rElec    .         Reflect  .   u - +2 cloak
rCorr    .         Harm     .   (no gloves)
MR       +....                  p - +0 pair of boots
Stlth    +++.......             (no amulet)
HPRegen  0.26/turn              D - ring of protection from magic
MPRegen  0.23/turn              y - ring of magical power

@: about to teleport, studying Transmutations
A: antennae 1, thin skeletal structure 2, clever 1, demonic guardian 1, foul
stench 1, rot immunity
a: Renounce Religion


You were on level 1 of the Lair of Beasts.
You worshipped Vehumet.
Vehumet was extremely pleased with you.
You were very hungry.

You visited 2 branches of the dungeon, and saw 13 of its levels.
You also visited: Ice Cave.

You collected 842 gold pieces.

Inventory:

Hand Weapons
 b - a +0 spear
 n - the +5 morningstar of Fate {crush, rPois rF- rC++ Int+2}
   (You found it in an ice cave)

   It inflicts extra damage upon your enemies.
   It affects your intelligence (+2).
   It makes you vulnerable to fire.
   It greatly protects you from cold.
   It protects you from poison.
 r - a +0 trident
 t - a +3 dagger of flaming
 C - a +2 dagger of venom (weapon)
Missiles
 k - 51 poisoned darts (quivered)
Armour
 a - a +0 robe
 j - a +0 helmet
 p - a +0 pair of boots (worn)
 u - a +2 cloak (worn)
 E - a +2 animal skin of cold resistance
 F - a +3 leather armour of poison resistance (worn)
Magical Staves
 z - an uncursed staff of death
Jewellery
 i - an uncursed ring of protection from cold {unknown}
 o - an uncursed ring of stealth
 s - an uncursed ring of resist corrosion
 y - a ring of magical power (right hand)
 D - a ring of protection from magic (left hand)
Wands
 f - a wand of digging (3)
 v - a wand of disintegration (23)
 G - a wand of paralysis (8)
 I - a wand of polymorph (10)
 J - a wand of enslavement (2)
Scrolls
 g - a scroll of enchant weapon
 h - a scroll of blinking
 q - 2 scrolls of magic mapping
 w - 7 scrolls of identify
 x - 5 scrolls of remove curse
 A - 2 scrolls of amnesia
 B - a scroll of random uselessness {unknown}
 L - 2 scrolls of noise
Potions
 d - a potion of flight
 e - 2 potions of haste
 l - 2 potions of agility
 m - 2 potions of brilliance
Books
 H - a manual of Transmutations
Comestibles
 c - 2 rations


   Skills:
 + Level 11.1 Fighting
 - Level 0.8 Staves
 + Level 9.2 Dodging
 - Level 1.7 Stealth
 + Level 8.0 Spellcasting
 - Level 10.7 Conjurations
 - Level 3.0 Hexes
 - Level 3.1 Translocations
 * Level 5.2 Ice Magic


You had 7 spell levels left.
You knew the following spells:

 Your Spells              Type           Power        Failure   Level  Hunger
a - Magic Dart            Conj           ####         1%          1    None
b - Searing Ray           Conj           ######       1%          2    None
c - Dazzling Spray        Conj/Hex       #####.       1%          3    None
d - Force Lance           Conj/Tloc      #####...     1%          4    ###....
e - Fulminant Prism       Conj/Hex       #####.....   1%          4    ###....
f - Freezing Cloud        Conj/Ice/Air   ####......   38%         6    ######.

Your spell library contained the following spells:

 Spells                   Type           Power        Failure   Level  Hunger
 Poison Arrow             Conj/Pois      ####......   38%         6    ######.
 Iskenderun's Mystic Bla  Conj           ######..     1%          4    ###....
 Apportation              Tloc           ###...       2%          1    None
 Lesser Beckoning         Tloc           ###.......   9%          3    None
 Tukima's Dance           Hex            ###.....     9%          3    None
 Summon Butterflies       Summ           #.......     10%         1    None
 Bolt of Cold             Conj/Ice       #####.....   16%         6    ######.
 Ice Form                 Ice/Tmut       ###.....     34%         4    ###....
 Ozocubu's Refrigeration  Ice            ####......   41%         6    ######.
 Metabolic Englaciation   Hex/Ice        ####......   45%         5    #####..
 Alistair's Intoxication  Tmut/Pois      #.......     95%         5    #####..
 Invisibility             Hex            ###.....     99%         6    ######.
 Simulacrum               Ice/Necr       ###.......   99%         6    ######.


Dungeon Overview and Level Annotations

Branches:
Dungeon (12/15)            Temple (0/1) D:5            Lair (1/6) D:10
  IceCv (visited)
    Orc: D:9-12

Altars:
Dithmenos
Gozag
Hepliaklqana
Makhleb
Trog
Uskayaw
Vehumet
Wu Jian
The Shining One

Shops:
D:9 *

Annotations:
D:3 Ijyb, Natasha
D:4 2 runed translucent doors, endorz's ghost, amateur TrFi
D:8 Harold


Innate Abilities, Weirdness & Mutations

You have a moderately thin skeletal structure. (Dex +4, Stealth+)
A weak demonic guardian rushes to your aid.
You may emit foul miasma when damaged in melee.
You are immune to rotting.
You have a pair of small antennae on your head.
Your mind is acute. (Int +2)


Message History

The six-headed hydra bites you but does no damage.
The six-headed hydra bites you!
* * * LOW HITPOINT WARNING * * *
The six-headed hydra bites you.
* * * LOW HITPOINT WARNING * * *
Casting: Force Lance (safe; 1% risk of failure)
Confirm with . or Enter, or press ? or * to list all spells.
Aiming: Force Lance (safe; 1% risk of failure)
Press: ? - help, Shift-Dir - straight line, f/p - six-headed hydra
Aim: a six-headed hydra (foul pestilence, almost dead, sick)
The lance of force hits the six-headed hydra.
The six-headed hydra is almost dead.
You are feeling very hungry.
The six-headed hydra is engulfed in dark miasma.
The six-headed hydra bites you!
* * * LOW HITPOINT WARNING * * *
The six-headed hydra barely misses you.
The six-headed hydra bites you but does no damage.
The six-headed hydra barely misses you. The six-headed hydra bites you!
You die...

♣. #Dl# # ♣.♣ ♣..♣♣♣♣♣
♣♣♣♣♣ ♣..♣♣......♣♣
♣♣.... ♣♣♣ ♣..♣♣♣♣♣..♣♣
♣♣..♣.. ♣.♣♣
♣.♣l♣..♣♣..♣#♣..♣♣♣.
♣♣.♣♣.♣♣♣...♣.♣..#..♣..♣.
♣♣.♣♣♣..♣.♣.♣.....♣♣.♣.♣
♣♣...♣♣♣l♣♣......♣.♣♣..
♣.♣.♣@D♣.♣......♣♣♣..♣
#############'#+# ####
♣.PPP♣♣♣..#.#.#♣
♣...♣♣.....♣
♣..P♣####.....# ♣[
♣.....♣ ##.....## .
#8.....8# P♣ ##.....##P♣


You could see a six-headed hydra and a wyvern.

Vanquished Creatures
  3 two-headed ogres
  2 death yaks (IceCv)
  An unseen horror (D:11)
  3 ugly things
  A black mamba (Lair:1)
  An ice statue (IceCv)
  2 spiny frogs (Lair:1)
  A gargoyle (D:11)
  A komodo dragon (Lair:1)
  A tengu conjurer (D:11)
  7 polar bears (IceCv)
  A troll (D:10)
  5 blink frogs (Lair:1)
  2 hippogriffs
  A wyvern (D:10)
  2 wraiths
  16 yaks
  Menkaure (D:5)
  A water moccasin (Lair:1)
  A soldier ant (D:11)
  4 porcupines (Lair:1)
  2 orc warriors
  Duvessa (D:6)
  2 eyes of draining
  2 sky beasts
  An ice beast (D:9)
  A black bear (D:10)
  2 phantoms
  A necrophage (D:6)
  9 ogres
  11 centaurs
  10 wolves (IceCv)
  3 big kobolds
  9 bullfrogs
  Dowan (D:6)
  3 scorpions
  5 howler monkeys
  A crimson imp (D:8)
  4 centaur zombies
  2 bullfrog zombies
  A quasit (D:11)
  2 bullfrog skeletons
  6 orc priests
  3 hounds
  2 jellies
  10 orc wizards
  4 centaur skeletons
  Natasha (twice) (D:3)
  2 iguanas
  13 worker ants
  A killer bee zombie (D:8)
  2 hound zombies
  A hound skeleton (D:7)
  7 gnolls
  15 adders
  3 shadow imps (D:11)
  11 white imps (D:11)
  3 oozes
  2 adder zombies
  An adder skeleton (D:3)
  A dart slug (D:1)
  4 leopard geckos
  40 orcs
  2 ball pythons
  5 giant cockroaches
  5 goblins
  11 hobgoblins
  7 jackals (D:5)
  20 kobolds
  6 quokkas
  6 bats
  3 frilled lizards
  A giant cockroach zombie (D:3)
  A leopard gecko skeleton (D:3)
  2 quokka skeletons (D:3)
  A quokka zombie (D:7)
  7 rats
340 creatures vanquished.

Vanquished Creatures (collateral kills)
  A frost giant (IceCv)
  A yak (D:11)
  An orc warrior (D:12)
  2 wolves (IceCv)
  A centaur (D:12)
  A bullfrog (Lair:1)
  A white imp (D:11)
  A leopard gecko (D:11)
  An orc (D:11)
  A jackal (D:11)
  A kobold (D:10)
12 creatures vanquished.

Vanquished Creatures (others)
  2 rime drakes (IceCv)
  6 polar bears (IceCv)
  6 yaks (IceCv)
  8 wolves (IceCv)
  88 fulminant prisms
  A fungus (Lair:1)
  2 plants (Lair:1)
113 creatures vanquished.

Grand Total: 465 creatures vanquished

Notes
Turn   | Place    | Note
-------+----------+-------------------------------------------
     0 | D:1      | Jannitor the Demonspawn Conjurer began the quest for the
                  | Orb.
     0 | D:1      | Reached XP level 1. HP: 13/13 MP: 3/3
   338 | D:1      | Gained mutation: You are immune to rotting. [demonic
                  | ancestry]
   338 | D:1      | Reached XP level 2. HP: 19/19 MP: 3/5
   579 | D:1      | Learned a level 2 spell: Searing Ray
   996 | D:2      | Reached XP level 3. HP: 24/24 MP: 3/6
  1504 | D:2      | Reached skill level 5 in Conjurations
  1772 | D:2      | Found a glowing golden altar of the Shining One.
  1841 | D:3      | Reached XP level 4. HP: 25/30 MP: 2/8
  2107 | D:3      | Noticed Ijyb
  2133 | D:3      | Noticed Natasha
  2187 | D:3      | Killed Natasha
  2305 | D:3      | Gained mutation: You have a somewhat thin skeletal
                  | structure. (Dex +2, Stealth) [demonic ancestry]
  2305 | D:3      | Reached XP level 5. HP: 35/35 MP: 1/9
  2940 | D:3      | Noticed Natasha
  2954 | D:3      | Killed Natasha
  3165 | D:3      | Found a radiant altar of Vehumet.
  3316 | D:3      | Gained mutation: You may emit foul miasma when damaged in
                  | melee. [demonic ancestry]
  3316 | D:3      | Reached XP level 6. HP: 27/41 MP: 5/11
  3616 | D:3      | Became a worshipper of Vehumet
  3942 | D:3      | Noticed Natasha
  4100 | D:4      | Learned a level 3 spell: Dazzling Spray
  4105 | D:4      | Learned a level 4 spell: Force Lance
  4113 | D:4      | Found a burning altar of Makhleb.
  4315 | D:4      | Reached XP level 7. HP: 47/47 MP: 8/13
  4470 | D:4      | Reached skill level 1 in Fighting
  4627 | D:4      | You fall into a shaft and drop 2 floors!
  4806 | D:6      | Found a hide-covered altar of Uskayaw.
  4882 | D:5      | Entered Level 5 of the Dungeon
  5216 | D:4      | Found a runed translucent door.
  5221 | D:4      | Noticed endorz's ghost (amateur TrFi)
  5261 | D:4      | Found a runed translucent door.
  5537 | D:5      | Found a shadowy altar of Dithmenos.
  5718 | D:5      | Reached * piety under Vehumet
  5718 | D:5      | Offered knowledge of Sandblast by Vehumet.
  5752 | D:5      | Noticed Menkaure
  5758 | D:5      | Killed Menkaure
  5758 | D:5      | Reached skill level 2 in Fighting
  6270 | D:5      | Reached XP level 8. HP: 43/56 MP: 15/15
  6450 | D:5      | Found a staircase to the Ecumenical Temple.
  7043 | D:6      | Reached skill level 5 in Spellcasting
  7212 | D:6      | Noticed Duvessa
  7212 | D:6      | Noticed Dowan
  7222 | D:6      | Killed Duvessa
  7227 | D:6      | Killed Dowan
  7227 | D:6      | Reached skill level 3 in Fighting
  7596 | D:6      | Found a hazy altar of Hepliaklqana.
  8085 | D:7      | Reached ** piety under Vehumet
  8085 | D:7      | Offered knowledge of Flame Tongue by Vehumet.
  8148 | D:7      | Found a bloodstained altar of Trog.
  8148 | D:7      | Found an ornate altar of the Wu Jian Council.
  8476 | D:8      | Reached XP level 9. HP: 65/65 MP: 17/17
  8541 | D:8      | Noticed a two-headed ogre
  8647 | D:8      | Reached skill level 4 in Fighting
  8724 | D:8      | Learned a level 4 spell: Fulminant Prism
  8732 | D:8      | Noticed Harold
  8734 | D:8      | Killed a two-headed ogre
  8734 | D:8      | Reached skill level 1 in Hexes
  8734 | D:8      | Reached skill level 1 in Translocations
  9396 | D:9      | Reached skill level 5 in Dodging
  9763 | D:9      | Found an opulent altar of Gozag.
  9764 | D:9      | Found Gozag's Platinum Reserve.
  9835 | D:9      | Offered knowledge of Mephitic Cloud by Vehumet.
  9835 | D:9      | Reached skill level 5 in Fighting
 10310 | D:10     | Entered Level 10 of the Dungeon
 10321 | D:10     | Gained mutation: A weak demonic guardian rushes to your
                  | aid. [demonic ancestry]
 10321 | D:10     | Reached XP level 10. HP: 74/74 MP: 3/19
 10750 | D:10     | Noticed a two-headed ogre
 10914 | D:10     | Killed a two-headed ogre
 10914 | D:10     | Reached skill level 10 in Conjurations
 11408 | D:10     | Reached *** piety under Vehumet
 11955 | D:10     | Reached skill level 6 in Fighting
 12618 | D:10     | Found a staircase to the Lair.
 12906 | D:11     | Offered knowledge of Sticky Flame by Vehumet.
 13270 | D:11     | Found a frozen archway.
 13280 | IceCv    | Entered an ice cave
 13283 | IceCv    | Gained mutation: You have a pair of small antennae on your
                  | head. [potion of mutation]
 13283 | IceCv    | Gained mutation: Your mind is acute. (Int +2) [potion of
                  | mutation]
 13774 | IceCv    | Reached XP level 11. HP: 43/83 MP: 22/22
 14330 | IceCv    | Reached skill level 7 in Fighting
 14340 | IceCv    | Got a crude morningstar
 14341 | IceCv    | Identified the +5 morningstar of Fate {crush, rPois rF-
                  | rC++ Int+2} (You found it in an ice cave)
 14751 | IceCv    | Reached skill level 8 in Fighting
 15035 | IceCv    | Noticed a death yak
 15038 | IceCv    | Reached **** piety under Vehumet
 15181 | IceCv    | Killed a death yak
 15388 | IceCv    | Noticed a death yak
 15409 | IceCv    | Noticed a frost giant
 15558 | IceCv    | Killed a frost giant
 15558 | IceCv    | Reached skill level 9 in Fighting
 15817 | IceCv    | Killed a death yak
 16204 | IceCv    | Learned a level 6 spell: Freezing Cloud
 16297 | D:12     | Noticed a two-headed ogre
 16299 | D:12     | Noticed a cyan ugly thing
 16307 | D:12     | Killed a cyan ugly thing
 16308 | D:12     | Killed a two-headed ogre
 16308 | D:12     | Reached skill level 10 in Fighting
 16308 | D:12     | Reached skill level 1 in Ice Magic
 16441 | D:12     | Noticed an orc knight
 16714 | D:11     | Noticed a red ugly thing
 16719 | D:11     | Offered knowledge of Lightning Bolt by Vehumet.
 16738 | D:10     | Killed a red ugly thing
 16979 | D:11     | Gained mutation: You have a moderately thin skeletal
                  | structure. (Dex +4, Stealth+) [demonic ancestry]
 16979 | D:11     | Reached XP level 12. HP: 95/98 MP: 21/23
 18044 | Lair:1   | Entered Level 1 of the Lair of Beasts
 18095 | Lair:1   | Reached ***** piety under Vehumet
 18095 | Lair:1   | Offered knowledge of Poison Arrow by Vehumet.
 18541 | Lair:1   | Reached skill level 11 in Fighting
 18741 | Lair:1   | Reached skill level 5 in Ice Magic
 19219 | Lair:1   | Noticed a six-headed hydra
 19234 | Lair:1   | Slain by a six-headed hydra

Levels and vault maps discovered:
D:1:      giann_bridges, layout_loops_ring
D:2:      layout_loops_cross, tso_altar, hangedman_decor_slide_cut
D:3:      layout_basic, lemuel_doored_altar, first_ration, serial_undead,
          serial_undead_a, serial_undead_d, serial_undead_f, serial_undead_f,
          serial_undead_b, serial_undead_f, uniq_ijyb, uniq_crazy_yiuf_cottage,
          uniq_natasha
D:4:      layout_loops_ring, lemuel_crystal_altar, ebering_ghost_sewer_f
D:5:      layout_cave_pools, nicolae_dithmenos_the_darkroom,
          minmay_temple_entry_stoned_glass, minmay_crystal_room, uniq_menkaure
D:6:      layout_basic, old_standard_altar, kennysheep_little_box,
          nicolae_underground_beach, uniq_duvessa
D:7:      layout_rooms, gammafunk_temple_overflow_elements, minmay_manual_mail
D:8:      layout_cave_pools, uniq_harold, uniq_joseph
D:9:      layout_basic, nicolae_gozag_zags_fifth_avenue
D:10:     minmay_recursive_quarters, layout_basic
D:11:     kennysheep_blocky_room, layout_rooms, portal_ice_cave_entry_imps,
          serial_shops, nicolae_shop_waterfront
D:12:     layout_roguey, orc_david_3, hangedman_little_slice_of_home,
          minmay_checkerbox
Lair:1:   wad_woods_structure_01, layout_long_grid, st_stairs_5

Skill      XL: |  1  2  3  4  5  6  7  8  9 10 11 12 |
---------------+-------------------------------------+-----
Conjurations   | 5 6 7 8 9 10 | 10.7
Spellcasting   | 3 4 5 6 7 8 |  8.0
Dodging        | 2 3 4 5 6 8 9 |  9.2
Fighting       | 2 3 5 6 10 11 | 11.1
Hexes          | 2 3 |  3.0
Translocations | 2 3 |  3.1
Ice Magic      | 2 5 |  5.2
Staves         | |  0.8
Stealth        | |  1.7

Action                   |  1- 3 |  4- 6 |  7- 9 | 10-12 || total
-------------------------+-------+-------+-------+-------++-------
Melee: Spear             |    35 |    11 |       |       ||    46
       Trident           |       |     3 |       |       ||     3
       Dagger            |       |    15 |    47 |   115 ||   177
       Staff             |       |       |     8 |       ||     8
       Morningstar       |       |       |       |    18 ||    18
 Cast: Magic Dart        |    68 |   117 |   205 |   107 ||   497
       Searing Ray       |     2 |     9 |    37 |    34 ||    82
       Force Lance       |       |       |    12 |   121 ||   133
       Fulminant Prism   |       |       |    10 |    78 ||    88
       Dazzling Spray    |       |       |       |     4 ||     4
       Freezing Cloud    |       |       |       |     1 ||     1
Evoke: Wand              |       |       |     7 |    16 ||    23
  Use: Potion            |     1 |     1 |       |     6 ||     8
       Scroll            |       |     8 |    12 |     6 ||    26
 Stab: Sleeping          |       |       |     2 |       ||     2
  Eat: Chunk             |     3 |     8 |    15 |    25 ||    51
       Ration            |       |       |     2 |     6 ||     8
Armor: Robe              |    17 |     8 |    39 |    28 ||    92
       Skin              |     3 |     8 |       |     3 ||    14
       Leather armour    |       |       |       |    53 ||    53
Dodge: Dodged            |    28 |    28 |   109 |   289 ||   454

Table legend:
 A = Non-vault XP
 B = Vault XP
 C = Vault XP percentage of total XP
 D = Non-vault monster count
 E = Vault monster count
 F = Vault count percentage of total count
                 A         B        C        D         E       F
            +---------+---------+-------+---------+---------+-------
      Total |   19217 |   11314 |  37.1 |     275 |      81 |  22.8
            +---------+---------+-------+---------+---------+-------
        D:1 |      23 |       0 |   0.0 |      14 |       0 |   0.0
        D:2 |     118 |       0 |   0.0 |      26 |       0 |   0.0
        D:3 |     252 |      66 |  20.8 |      35 |       7 |  16.7
        D:4 |     549 |       0 |   0.0 |      18 |       0 |   0.0
        D:5 |     327 |     183 |  35.9 |      22 |       1 |   4.3
        D:6 |     477 |     216 |  31.2 |      15 |       2 |  11.8
        D:7 |     467 |     123 |  20.8 |      16 |       5 |  23.8
        D:8 |    1698 |       0 |   0.0 |      19 |       0 |   0.0
        D:9 |     958 |       0 |   0.0 |      17 |       0 |   0.0
       D:10 |    3360 |     817 |  19.6 |      28 |       4 |  12.5
       D:11 |    4817 |    1378 |  22.2 |      38 |      21 |  35.6
       D:12 |    2017 |     125 |   5.8 |       8 |       1 |  11.1
     Lair:1 |    4154 |     857 |  17.1 |      19 |       5 |  20.8
      IceCv |       0 |    7549 | 100.0 |       0 |      35 | 100.0
            +---------+---------+-------+---------+---------+-------
